 Dungeon Crawl Stone Soup version 0.27-a0-901-g8736458 (webtiles) character file.

Game seed: 9734148687040367563

53 Nithhogg the Skirmisher (level 3, -1/29 HPs)
             Began as a Demonspawn Fighter on Apr 5, 2021.
             Slain by a gnoll
             ... wielding a +0 halberd
              (9 damage)
             ... on level 3 of the Dungeon.
             The game lasted 00:02:41 (2149 turns).

Nithhogg the Skirmisher (Demonspawn Fighter)        Turns: 2149, Time: 00:02:42

Health: -1/29      AC:  7    Str: 17    XL:     3   Next: 64%
Magic:  0/4        EV:  9    Int:  9    God:
Gold:   75         SH:  0    Dex: 12    Spells: 2/2 levels left

rFire    . . .     SeeInvis .   a - +0 long sword (venom)
rCold    . . .     Faith    .   (no shield)
rNeg     . . .     Spirit   +   b - +1 scale mail
rPois    .         Reflect  .   (helmet restricted)
rElec    .         Harm     .   (no cloak)
rCorr    .         Rampage  .   (no gloves)
Will     .....                  (no boots)
Stlth    ..........             l - amulet of guardian spirit
HPRegen  0.09/turn              (no ring)
MPRegen  0.09/turn              (no ring)

@: no status effects
A: antennae 1, claws 1
a: no special abilities


You were on level 3 of the Dungeon.
You visited 1 branch of the dungeon, and saw 3 of its levels.

You collected 75 gold pieces.

Inventory:

Hand Weapons
 a - a +0 long sword of venom (weapon)
Armour
 b - a +1 scale mail (worn)
 c - a +0 kite shield
Jewellery
 l - an amulet of guardian spirit (around neck)
Wands
 o - a wand of acid (7)
Scrolls
 f - 4 scrolls of identify {unknown}
 q - a scroll of enchant weapon {unknown}
Potions
 d - a potion of might
 e - 3 potions of heal wounds {unknown}
 i - a potion of curing {unknown}
 k - 2 potions of attraction {unknown}
 m - 2 potions of brilliance {unknown}
 n - a potion of lignification {unknown}


   Skills:
 + Level 3.3 Fighting
 + Level 2.2 Long Blades
 + Level 3.0 Armour
 + Level 1.0 Dodging
 - Level 2.6 Shields
 + Level 1.8 Invocations


You had 2 spell levels left.
You didn't know any spells.
Your spell library was empty.

Dungeon Overview and Level Annotations

Branches:
Dungeon (3/15)

Altars:


Innate Abilities, Weirdness & Mutations

You have a pair of small antennae on your head.
You have sharp fingernails.


Message History

Things that are here:
a +0 dagger; a kobold corpse
Okay, then.
Found 25 stones and 15 sling bullets.
Found a stone staircase leading down.
You see here 25 stones.
You hear the slow rusting of a very distant drain.
As you read the scroll labelled NIGOHASOZO, it crumbles to dust.
You feel strangely unstable.
It was a scroll of teleportation.
As you read the scroll labelled HAUMAWA BOSO, it crumbles to dust.
It is a scroll of enchant armour.
Your +0 scale mail glows green for a moment.
As you read the scroll labelled XANTUC PEJO, it crumbles to dust.
It is a scroll of brand weapon.
Your +0 long sword drips with poison.
a - a +0 long sword of venom (weapon)
This is a scroll of acquirement!
Something appears at your feet!
Your surroundings suddenly seem different.
A gnoll comes into view. It is wielding a +0 spear.
The gnoll shouts!
The gnoll hits you but does no damage.
A gnoll comes into view. It is wielding a +0 halberd.
A dart slug comes into view.
The dart slug launches a dart at you.
The slug dart hits you but does no damage.
You slash the dart slug!
The dart slug is almost dead.
The gnoll hits you but does no damage.
The gnoll hits you from afar with a +0 halberd.
The dart slug launches a dart at you. The slug dart hits you.
The gnoll closely misses you.
You hit the dart slug.
You kill the dart slug!
The gnoll hits you from afar with a +0 halberd.
The gnoll hits you with a +0 spear.
* * * LOW HITPOINT WARNING * * *
A gnoll comes into view. It is wielding a +0 flail.
The gnoll hits you from afar with a +0 halberd!
You die...

##### #.###.####.##.# #.#
#.# #.##.#
##############.###.####.##.#
.............(.....#....##.#
##########...........#####.#
#.###.####..# #.# #)# #.#
#..# #.# #.# #.####..### #.#
#.g@....... ....gg####..###
#.###.# #..# #..#


You could see 3 gnolls.

Vanquished Creatures
  A gnoll (D:1)
  A worm (D:3)
  A dart slug (D:3)
  6 bats
  3 endoplasms
  3 goblins (D:1)
  6 hobgoblins
  3 jackals (D:2)
  4 kobolds
  4 ball pythons
  4 frilled lizards
  2 rats (D:1)
38 creatures vanquished.

Notes
Turn   | Place    | Note
-------+----------+-------------------------------------------
     0 | D:1      | Nithhogg the Demonspawn Fighter began the quest for the
                  | Orb.
     0 | D:1      | Reached XP level 1. HP: 18/18 MP: 1/1
    80 | D:1      | Reached skill level 1 in Invocations
    80 | D:1      | Gained mutation: You have a pair of small antennae on your
                  | head. [demonic ancestry]
    80 | D:1      | Reached XP level 2. HP: 8/24 MP: 2/2
  1332 | D:1      | Gained mutation: You have sharp fingernails. [demonic
                  | ancestry]
  1332 | D:1      | Reached XP level 3. HP: 29/29 MP: 3/3
  1637 | D:2      | Found a faded altar of an unknown god.
  1664 | D:2      | Reached skill level 1 in Dodging
  2147 | D:3      | Identified a scroll of acquirement
  2147 | D:3      | Acquired a +5 vorpal double sword
  2149 | D:3      | Slain by a gnoll

Illustrated notes

Levels and vault maps discovered:
D:1:      nzn_arrival_crosshair, layout_basic
D:2:      layout_rooms, ebering_ecumenical_altar_abandoned
D:3:      layout_loops_ring, portal_sewer_entry_b, serial_park_tiny_2,
          grunt_decor_cap

Skill      XL: |  1  2  3 |
---------------+----------+-----
Long Blades    | 2 |  2.2
Invocations    | 1 |  1.8
Armour         | 3 |  3.0
Dodging        | 1 |  1.0
Fighting       | |  3.3
Shields        | |  2.6

Action                   || total
-------------------------++-------
Melee: Long sword        ||   119
  Use: Scroll            ||     4
Armor: Scale mail        ||    83
Dodge: Dodged            ||    69
       Rpst.: Long sword ||    22

Table legend: (Time is in decaauts)
 A = Elapsed time spent in this place.
 B = Non-inter-level travel time spent in this place.
 C = Inter-level travel time spent in this place.
 D = Time resting spent in this place.
 E = Time spent auto-exploring this place.
 F = Levels seen in this place.
 G = Mean time per level.
                   A        B        C        D        E       F      G
               +--------+--------+--------+--------+--------+-----+--------+
         Total |   2183 |   2120 |     63 |      0 |   1780 |   3 |  727.7 |
       Dungeon |   2183 |   2120 |     63 |      0 |   1780 |   3 |  727.7 |
               +--------+--------+--------+--------+--------+-----+--------+

Top non-repeatable levels by time:
     D:1: 1492 daAuts
     D:2: 531 daAuts
     D:3: 160 daAuts
